 Dungeon Crawl Stone Soup version 0.30-a0-279-g4b46babb21 (webtiles) character file.

Game seed: 17626420964317917177

23 lunkers the Cudgeller (level 2, -1/25 HPs)
             Began as an Armataur Reaver on Oct 16, 2022.
             Slain by a worm (10 damage)
             ... on level 1 of the Dungeon.
             The game lasted 00:01:05 (552 turns).

lunkers the Cudgeller (Armataur Reaver)              Turns: 552, Time: 00:01:06

Health: -1/25      AC:  5    Str: 17    XL:     2   Next: 75%
Magic:  4/4        EV:  9    Int: 13    God:
Gold:   71         SH:  0    Dex: 14    Spells: 3/4 levels left

rFire   . . .      SeeInvis .    a - +0 mace
rCold   . . .      Faith    .    (no shield)
rNeg    . . .      Spirit   .    b - +0 leather armour
rPois   .          Reflect  .    e - +0 helmet
rElec   .          Harm     .    (no cloak)
rCorr   .          Roll     +    (no gloves)
Will    .....                    (no barding)
Stlth   +.........               (no amulet)
HPRegen 0.24/turn                d - +6 ring of dexterity
MPRegen 0.09/turn                (no ring)

@: no status effects
A: large, rugged brown scales 3, deformed body, armoured tail, roll, long
tongue, awkward tongue
a: no special abilities


You were on level 1 of the Dungeon.
You visited 1 branch of the dungeon, and saw 2 of its levels.

You collected 71 gold pieces.

Inventory:

Hand Weapons
 a - a +0 mace (weapon)
Missiles
 g - 6 atropa-tipped darts
 i - 3 stones
 j - 3 poisoned darts
Armour
 b - a +0 leather armour (worn)
 e - a +0 helmet (worn)
Jewellery
 d - a +6 ring of dexterity (left hand)
Scrolls
 c - 3 scrolls of identify {unknown}
 f - a scroll of poison {unknown}
 h - a scroll of vulnerability {unknown}
Potions
 k - a potion of might {unknown}
 l - a potion of invisibility {unknown}


   Skills:
 - Level 1.7 Fighting
 + Level 3.7 Maces & Flails
 - Level 1.3 Dodging
 - Level 1.7 Spellcasting
 - Level 2.6 Conjurations


You had 3 spell levels left.
You knew the following spells:

 Your Spells              Type           Power      Damage    Failure   Level
p - Kiss of Death         Conj/Necr      16%        2d6       19%         1

Your spell library contained the following spells:

 Spells                   Type           Power      Damage    Failure   Level
 Momentum Strike          Conj/Tloc      8%         3d8       28%         2
 Sandblast                Erth           2%         2d4       32%         1
 Passwall                 Tmut/Erth      0%         N/A       43%         2
 Hailstorm                Conj/Ice       4%         3d4       50%         3
 Stone Arrow              Conj/Erth      8%         3d7       50%         3
 Conjure Ball Lightning   Conj/Air       2%         3x3d6     100%        6
 Discord                  Hex            0%         N/A       100%        8
 Disjunction              Tloc           0%         N/A       100%        8


Dungeon Overview and Level Annotations

Branches:
Dungeon (2/15)

Altars:


Innate Abilities, Weirdness & Mutations

You are completely covered in rugged brown scales. (AC +3, +7% HP)
Armour fits poorly on your strangely shaped body.
You have a long armoured tail.
You roll when moving toward enemies. (Rampage)
Your long tongue fully drains potion bottles. (2x potion effects)
Your tongue gives you trouble enunciating. (1.5x scroll delay)


Message History

Done exploring.
No target in view!
Done exploring.
No target in view!
No target in view!
Done exploring.
Done exploring.
(D) Dungeon
Where to? (? - help)
What level of the Dungeon? (default 1, ? - help)
There is a stone staircase leading down here.
You climb downwards.
There is a stone staircase leading up here.
There are monsters nearby!
There are monsters nearby!
The kobold shouts!
You roll towards the hobgoblin!
The hobgoblin hits you.
You barely miss the hobgoblin. The hobgoblin hits you.
You hit the hobgoblin.
You kill the hobgoblin!
A worm comes into view.
You sock the kobold!
You kill the kobold!
Found a stone staircase leading down.
Found a dagger.
You hit the worm.
The worm is lightly wounded.
The worm bites you!
* * * LOW HITPOINT WARNING * * *
You hit the worm but do no damage.
The worm is lightly wounded.
Unknown command.
The worm barely misses you. The worm bites you.
* * * LOW HITPOINT WARNING * * *
There is a stone staircase leading up here.
You climb upwards.
There is a stone staircase leading down here.
The worm bites you!
You die...

####.#.#..##
#.########
.....#.#...# #.#
#......#.#.#####.#
#......#.#.....#.#
#......#.#####.#.#
#......#.#####.#.#
#............#...#
#................#
#............#.w@#
#............###>#
.............# ###
###'##+#+##'##
#.#.....#.#
#.+.....#.#
#.#..8..#.#
#.'.....#.#
#.#..<..#.#


You could see a worm.

Vanquished Creatures
  5 endoplasms (D:1)
  2 giant cockroaches (D:1)
  2 goblins (D:1)
  2 hobgoblins
  2 kobolds
  A quokka (D:1)
  4 bats (D:1)
  A frilled lizard (D:1)
  A rat (D:1)
20 creatures vanquished.

Notes
Turn   | Place    | Note
-------+----------+-------------------------------------------
     0 | D:1      | lunkers the Armataur Reaver began the quest for the Orb.
     0 | D:1      | Reached XP level 1. HP: 18/18 MP: 3/3
    68 | D:1      | Reached skill level 3 in Maces & Flails
   132 | D:1      | Reached XP level 2. HP: 25/25 MP: 4/4
   552 | D:1      | Slain by a worm

Illustrated notes

Levels and vault maps discovered:
D:1:      minmay_arrival_solitary_statue, layout_basic
D:2:      layout_rooms

Skill      XL: |  1 |
---------------+----+-----
Maces & Flails | 3 |  3.7
Fighting       | |  1.7
Dodging        | |  1.3
Spellcasting   | |  1.7
Conjurations   | |  2.6

Action                   || total
-------------------------++-------
Melee: Mace              ||    42
       Tailslap          ||     4
Throw: Dart              ||     4
 Stab: Sleeping          ||     1
Armor: Leather armour    ||    23
Dodge: Dodged            ||    24

Table legend: (Time is in decaauts)
 A = Elapsed time spent in this place.
 B = Non-inter-level travel time spent in this place.
 C = Inter-level travel time spent in this place.
 D = Time resting spent in this place.
 E = Time spent auto-exploring this place.
 F = Levels seen in this place.
 G = Mean time per level.
                   A        B        C        D        E       F      G
               +--------+--------+--------+--------+--------+-----+--------+
         Total |    561 |    542 |     19 |      0 |    393 |   2 |  280.5 |
       Dungeon |    561 |    542 |     19 |      0 |    393 |   2 |  280.5 |
               +--------+--------+--------+--------+--------+-----+--------+

Top non-repeatable levels by time:
     D:1: 539 daAuts
     D:2: 21 daAuts
